 Dungeon Sprint DCSS version 0.26.1-11-gd32895ea62 (webtiles) character file.

Game seed: 4723798121707973265

30 Groucho the Covert (level 3, -4/16 HPs)
             Began as a Spriggan Enchanter on July 5, 2021.
             Was a Believer of Kikubaaqudgha.
             Slain by a gnoll
             ... wielding a +0 spear
              (11 damage)
             ... in the Dungeon (Sprint VII: "The Pits") on July 6, 2021.
             The game lasted 00:03:06 (863 turns).

Groucho the Covert (Spriggan Enchanter)              Turns: 863, Time: 00:03:07

Health: -4/16      AC:  2    Str:  4    XL:     3   Next: 5%
Magic:  4/10       EV: 18    Int: 16    God:    Kikubaaqudgha [**....]
Gold:   0          SH:  0    Dex: 17    Spells: 2/11 levels left

rFire    . . .     SeeInvis +   c - +2 dagger
rCold    . . .     Faith    .   (shield restricted)
rNeg     . . .     Spirit   .   b - +0 robe
rPois    .         Reflect  .   (helmet restricted)
rElec    .         Harm     .   (no cloak)
rCorr    .         Rampage  .   (gloves unavailable)
Will     .....     NoTele   +   (boots unavailable)
Stlth    ++++......             (no amulet)
HPRegen  0.05/turn              (no ring)
MPRegen  0.12/turn              (no ring)

@: very quick
A: very small, unfitting armour, see invisible, speed 3
a: Renounce Religion, Receive Corpses


You were in the Dungeon.
You worshipped Kikubaaqudgha.
Kikubaaqudgha was pleased with you.
You visited 1 branch

Inventory:

Hand Weapons
 c - a +2 dagger (weapon)
 n - a +0 dagger of venom
Missiles
 m - 13 stones
Armour
 b - a +0 robe (worn)
Scrolls
 i - a scroll of blinking
 j - 3 scrolls of remove curse
 k - 5 scrolls of amnesia
 l - a scroll of summoning
Potions
 a - 2 potions of invisibility
 d - 6 potions of curing
 e - 6 potions of heal wounds
 f - a potion of haste
 g - 4 potions of magic
 h - 3 potions of berserk rage


   Skills:
 - Level 1.1 Short Blades
 - Level 3.0 Dodging
 * Level 8.1 Stealth
 + Level 4.5 Spellcasting
 + Level 5.1 Hexes


You had 2 spell levels left.
You knew the following spells:

 Your Spells              Type           Power        Failure   Level
a - Corona                Hex            22%          1%          1
b - Ensorcelled Hibernat  Hex/Ice        22%          9%          2
c - Confusing Touch       Hex            20%          6%          3
d - Dazzling Flash        Conj/Hex       22%          17%         3

Your spell library contained the following spells:

 Spells                   Type           Power        Failure   Level
 Pain                     Necr           12%          16%         1
 Corpse Rot               Necr/Air       N/A          24%         2
 Sublimation of Blood     Necr           1%           24%         2
 Tukima's Dance           Hex            20%          6%          3
 Vampiric Draining        Necr           1%           43%         3


Dungeon Overview and Level Annotations

Branches:
Dungeon (1/1)

Altars:
Ashenzari
Cheibriados
Dithmenos
Elyvilon
Fedhas
Gozag
Hepliaklqana
Kikubaaqudgha
Makhleb
Nemelex Xobeh
Okawaru
Qazlal
Ru
Sif Muna
Trog
Uskayaw
Vehumet
Wu Jian
Xom
Yredelemnul
Zin
The Shining One
Beogh
Jiyva
Lugonu


Innate Abilities, Weirdness & Mutations

You are very small and have problems with some larger weapons.
You are too small for most types of armour.
You have supernaturally acute eyesight. (SInv)
You cover ground extremely quickly.


Message History

The gnoll shouts!
The gnoll hits you but does no damage.
There is an open door to the Storerooms (Easy) here.
The gnoll hits you but does no damage.
A ball python comes into view.
The gnoll shouts!
The ball python hisses angrily.
You hit the gnoll but do no damage. The gnoll barely misses you.
You hit the gnoll.
The gnoll is lightly wounded.
The gnoll closely misses you. x2
You hit the gnoll.
The gnoll is heavily wounded.
The gnoll closely misses you. The gnoll barely misses you.
You hit the gnoll.
The gnoll is severely wounded.
The gnoll hits you from afar with a +0 spear!
Ouch! That really hurt!
You die...
Kikubaaqudgha rasps: "You have failed me!
Welcome... death!"

############ #_________.#
#_________.#
#_______...###########++###
##########'##..............
#.?..')))'@##......#..#....
##########g##..g...........
#.........Sg'g.g...........
#'#####S#####g.....#..#....
#.#†.#...'.##..............
#.#..#...#.#####'#####++###
#.#..#####.##.......#
#.#..'...#÷##.......#
#.#..')..'.##.......#


You could see 2 gnolls and a ball python.

Vanquished Creatures
  2 river rats (D)
  An ooze (D)
  2 bats (D)
  2 hobgoblins (D)
  A kobold (D)
  A rat (D)
9 creatures vanquished.

Notes
Turn   | Place    | Note
-------+----------+-------------------------------------------
     0 | D        | Groucho the Spriggan Enchanter began the quest for the Orb.
     0 | D        | Reached XP level 1. HP: 9/9 MP: 5/5
    12 | D        | Reached skill level 5 in Stealth
    39 | D        | Found a bloodstained altar of Trog.
    39 | D        | Found a shimmering blue altar of Sif Muna.
    39 | D        | Found a viscous altar of Jiyva.
    39 | D        | Found a hazy altar of Hepliaklqana.
    39 | D        | Found an opulent altar of Gozag.
    40 | D        | Found a glowing golden altar of the Shining One.
    40 | D        | Found a glowing silver altar of Zin.
    40 | D        | Found a basalt altar of Yredelemnul.
    40 | D        | Found a shimmering altar of Xom.
    40 | D        | Found an ornate altar of the Wu Jian Council.
    40 | D        | Found a sacrificial altar of Ru.
    40 | D        | Found a stormy altar of Qazlal.
    40 | D        | Found an iron altar of Okawaru.
    40 | D        | Found a sparkling altar of Nemelex Xobeh.
    40 | D        | Found a burning altar of Makhleb.
    40 | D        | Found a blossoming altar of Fedhas.
    40 | D        | Found a white marble altar of Elyvilon.
    40 | D        | Found a shadowy altar of Dithmenos.
    40 | D        | Found a snail-covered altar of Cheibriados.
    43 | D        | Found a corrupted altar of Lugonu.
    43 | D        | Found a radiant altar of Vehumet.
    43 | D        | Found a roughly hewn altar of Beogh.
    44 | D        | Found an ancient bone altar of Kikubaaqudgha.
    44 | D        | Found a hide-covered altar of Uskayaw.
    44 | D        | Found a broken altar of Ashenzari.
    66 | D        | Became a worshipper of Kikubaaqudgha
    91 | D        | Reached skill level 6 in Stealth
   411 | D        | Reached * piety under Kikubaaqudgha
   411 | D        | Identified Kikubaaqudgha's Collected Works on Dark Rituals
                  | (Kikubaaqudgha gifted it to you in the Dungeon)
   411 | D        | Received a gift from Kikubaaqudgha
   412 | D        | Reached skill level 7 in Stealth
   412 | D        | Reached XP level 2. HP: 13/13 MP: 8/8
   427 | D        | Learned a level 2 spell: Ensorcelled Hibernation
   457 | D        | Reached ** piety under Kikubaaqudgha
   674 | D        | Reached skill level 8 in Stealth
   674 | D        | Reached skill level 5 in Hexes
   674 | D        | Reached XP level 3. HP: 16/16 MP: 9/9
   709 | D        | Learned a level 3 spell: Confusing Touch
   713 | D        | Learned a level 3 spell: Dazzling Flash
   806 | D        | Noticed a gnoll sergeant
   863 | D        | Slain by a gnoll

Illustrated notes

Levels and vault maps discovered:
D:        pitsprint [storerooms_1, entrance_room_1, metal_vault_1, armoury_2,
          mini_pit_1, grid_room_1, main_hall_1, silver_pit, the_coven_2,
          the_vestibule_1, steel_vault_3, golden_pit, hallway_of_sentries,
          crystal_vault_4, iron_vault_2, final_vault]

Skill      XL: |  1  2 |
---------------+-------+-----
Stealth        | 7 8 |  8.1
Spellcasting   | 4 |  4.5
Hexes          | 4 5 |  5.1
Short Blades   | |  1.1
Dodging        | |  3.0

Action                   || total
-------------------------++-------
Melee: Dagger            ||    30
 Cast: Ensorcelled Hiber ||     4
       Corona            ||     1
 Stab: Sleeping          ||     5
Armor: Robe              ||     2
Dodge: Dodged            ||    28
